 Dungeon Crawl Stone Soup version 0.16.0-17-g811c1d7 (console) character file.

10227 gw the Cleaver (level 11, -3/94 HPs)
             Began as a Hill Orc Gladiator on Mar 21, 2015.
             Was a Priest of Dithmenos.
             Slain by a killer bee (5 damage)
             ... on level 9 of the Dungeon.
             The game lasted 00:13:32 (12394 turns).

gw the Cleaver (Hill Orc Gladiator)                Turns: 12394, Time: 00:13:32

Health: -3/94      AC: 22    Str: 22    XL:     11   Next: 58%
Magic:  22/22      EV:  7    Int:  8    God:    Dithmenos [***...]
Gold:   498        SH:  0    Dex: 14    Spells: 0 memorised, 10 levels left

rFire  . . .     SeeInvis .     a - +4 war axe
rCold  . . .     Clarity  .     y - +0 plate armour
rNeg   . . .     SustAb   .     (no shield)
rPois  +         Gourm    .     c - +2 helmet
rElec  .         Spirit   .     (no cloak)
rCorr  .         Warding  .     B - +2 pair of gloves
rMut   .         Stasis   .     l - +1 pair of boots
MR     .....                    (no amulet)
Stlth  ..........               u - +3 ring of strength
                                k - ring of poison resistance

@: wreathed by umbra, not resistant to hostile enchantments, extremely
unstealthy
A: no striking features
a: Shadow Step, Renounce Religion


You were on level 9 of the Dungeon.
You worshipped Dithmenos.
Dithmenos was most pleased with you.
You were not hungry.

You visited 1 branch of the dungeon, and saw 9 of its levels.

You collected 498 gold pieces.

Inventory:

Hand weapons
 a - a +4 war axe (weapon)
Missiles
 d - 3 throwing nets
 h - 347 stones (quivered)
 s - 19 poisoned needles
Armour
 c - a +2 helmet (worn)
 l - a +1 pair of boots (worn)
 y - a +0 plate armour (worn)
 B - a +2 pair of gloves (worn)
Jewellery
 k - a ring of poison resistance (left hand)
 u - a +3 ring of strength (right hand)
Magical devices
 g - a wand of paralysis (8)
 i - a wand of teleportation (0)
 p - a wand of magic darts (6)
 t - a wand of fire (2) {forbidden}
 w - a wand of heal wounds (2)
 x - a wand of polymorph (14)
Scrolls
 e - 10 scrolls of identify
 n - 5 scrolls of remove curse
 D - a scroll of blinking {unknown}
Potions
 b - 2 potions of invisibility
 j - a potion of ambrosia
 q - a potion of restore abilities
 C - a potion of degeneration {unknown}
Comestibles
 f - 4 meat rations
 m - a beef jerky
 o - 5 bread rations


   Skills:
 + Level 7.8 Fighting
 * Level 12.4 Axes
 + Level 6.8 Throwing
 + Level 7.1 Armour
 - Level 2.4 Dodging
 * Level 7.9 Stealth
 + Level 7.8 Invocations


You had 10 spell levels left.
You didn't know any spells.

Dungeon Overview and Level Annotations

Branches:
Dungeon (9/15)             Temple (0/1) D:7            Lair (0/8) D:9
    Orc: D:9-12

Altars:
Dithmenos
Fedhas
Makhleb
Nemelex Xobeh
Qazlal
Ru
Sif Muna
Trog
Xom
Zin
The Shining One

Shops:
D:6 =

Annotations:
D:3 exclusion: 2 downstairs


Message History

Unknown command.
Unknown command.
Unknown command.
MOVING TO (7,1)
The killer bee rages.
The killer bee stings you but does no damage.
The killer bee barely misses you.
You see here a yak corpse.
Unknown command.
Unknown command.
Unknown command.
MOVING TO (6,1)
The killer bee closely misses you. The killer bee stings you.
You see here 2 tomahawks.
Unknown command.
Unknown command.
Unknown command.
MOVING TO (5,1)
The killer bee stings you.
You die...

....y.y.#.# #...# #=..# #..
P........y# ##.## ##### #..
..........## #'# #.. ...?7.7P...#
#.# #.. ...........### #.# #..
...P...P.....# #.######## ...
7....P..(y(..# #%...(...# #...
PP..>?7P..(Y.####........#####...
..P....(...(yyyyo.....%......(.
.........P....y##.(.......####
P..............##(...%....#
...............##(.(......#
...P.7....#.....###(......#
...P.P..........#........##
##P...P.........#........#
###.......##...#........#
#....... #...#........#


You could see a yak, a queen bee and 5 killer bees.

Table legend:
 A = Turns spent in this place as a percentage of turns spent in the entire game.
 B = Non-inter-level travel turns spent in this place as a percentage of non-inter-level travel turns spent in the entire game.
 C = Inter-level travel turns spent in this place as a percentage of turns spent in this place.
 D = Turns resting spent in this place as a percentage of non-inter-level travel turns spent in this place.
 E = Turns spent auto-exploring this place as a percentage of non-inter-level travel turns spent in this place.
 F = Non-inter-level travel turns spent in this place divided by the number of levels of this place that you've seen.
                   A       B       C       D       E      F
               +-------+-------+-------+-------+-------+----------------------
         Total | 100.0 | 100.0 |   0.4 |   1.2 |   2.4 | 1827.3
       Dungeon | 100.0 | 100.0 |   0.4 |   1.2 |   2.4 | 1827.3
               +-------+-------+-------+-------+-------+----------------------

Table legend:
 A = Kills in this place as a percentage of kills in entire the game.
 B = Kills by you in this place as a percentage of kills by you in the entire game.
 C = Kills by friends in this place as a percentage of kills by friends in the entire game.
 D = Other kills in this place as a percentage of other kills in the entire game.
 E = Experience gained in this place as a percentage of experience gained in the entire game.
 F = Experience gained in this place divided by the number of levels of this place that you have seen.
                   A       B       C       D       E      F
               +-------+-------+-------+-------+-------+----------------------
         Total | 100.0 | 100.0 |  -nan |  -nan | 100.0 | 1623.3
       Dungeon | 100.0 | 100.0 |  -nan |  -nan | 100.0 | 1623.3
               +-------+-------+-------+-------+-------+----------------------

Vanquished Creatures
  A hydra (D:9)
  A centaur warrior (D:9)
  A skeletal warrior (D:8)
  Pikel (D:4)
  A griffon (D:9)
  An ugly thing (D:8)
  2 cyclopes (D:8)
  A manticore (D:8)
  Joseph (D:9)
  The ghost of gw the Chopper, an average HOGl (D:4)
  Grinder (D:3)
  A wyvern (D:8)
  4 yaks (D:9)
  2 hippogriffs
  2 hungry ghosts
  2 sky beasts
  A water moccasin (D:9)
  2 phantoms
  A wasp (D:8)
  6 ogres
  2 porcupines (D:9)
  An orc warrior (D:6)
  2 big kobolds (D:7)
  2 crocodiles (D:9)
  A brain worm (D:8)
  5 giant frogs
  4 centaurs
  Blork the orc (D:4)
  A wyvern zombie (D:7)
  A water moccasin zombie (D:6)
  A wyvern skeleton (D:8)
  7 killer bees
  4 scorpions
  4 wights (D:7)
  A water moccasin skeleton (D:6)
  3 crimson imps
  2 jellies
  4 hounds
  A goliath beetle (D:8)
  5 orc priests
  2 giant frog zombies
  A centaur skeleton (D:9)
  2 giant frog skeletons
  4 worker ants
  6 orc wizards
  5 iguanas
  A gnoll shaman (D:6)
  2 hound skeletons
  Terence (D:2)
  Robin (D:3)
  9 gnolls
  2 river rats (D:9)
  17 adders
  A shadow imp (D:6)
  A giant mite (D:6)
  2 worms
  5 giant geckos
  31 orcs
  A ball python (D:3)
  10 bats
  4 giant cockroaches
  10 hobgoblins
  8 jackals
  23 kobolds
  3 quokkas
  3 giant newts
  2 giant spores (D:9)
  24 goblins
  15 rats
  4 ballistomycetes
285 creatures vanquished.

Vanquished Creatures (others)
  A giant frog (D:9)
  An adder (D:4)
  A bat (D:4)
  A giant spore (D:7)
  2 ballistomycetes (D:9)
6 creatures vanquished.

Grand Total: 291 creatures vanquished

Notes
Turn   | Place    | Note
--------------------------------------------------------------
     0 | D:1      | gw, the Hill Orc Gladiator, began the quest for the Orb.
     0 | D:1      | Reached XP level 1. HP: 18/18 MP: 1/1
   286 | D:1      | Reached XP level 2. HP: 25/25 MP: 2/2
   699 | D:1      | Reached skill level 1 in Armour
  1040 | D:2      | Noticed Terence
  1049 | D:2      | Killed Terence
  1049 | D:2      | Reached XP level 3. HP: 30/30 MP: 3/3
  1467 | D:2      | Reached skill level 5 in Axes
  1467 | D:2      | Reached XP level 4. HP: 37/37 MP: 4/4
  1758 | D:2      | Found a shadowy altar of Dithmenos.
  1766 | D:2      | Became a worshipper of Dithmenos the Shadowed
  1986 | D:2      | Found a blossoming altar of Fedhas.
  2531 | D:3      | Noticed Robin
  2532 | D:3      | Reached skill level 1 in Invocations
  2544 | D:3      | Killed Robin
  2696 | D:3      | Noticed Grinder
  2706 | D:3      | Paralysed by Grinder for 3 turns
  2710 | D:3      | Killed Grinder
  2710 | D:3      | Reached skill level 1 in Stealth
  2710 | D:3      | Reached XP level 5. HP: 11/45 MP: 4/6
  2710 | D:3      | Reached XP level 6. HP: 12/51 MP: 5/8
  2937 | D:3      | Found a shimmering altar of Xom.
  2937 | D:3      | Noticed an angel
  2938 | D:3      | Found a glowing silver altar of Zin.
  3463 | D:4      | Reached skill level 6 in Axes
  3520 | D:4      | Reached XP level 7. HP: 41/58 MP: 9/9
  3620 | D:4      | Noticed gw's ghost (average HOGl)
  4195 | D:4      | Found a sparkling altar of Nemelex Xobeh.
  4308 | D:4      | Noticed Blork the orc
  4412 | D:4      | Killed Blork the orc
  4516 | D:4      | Noticed Pikel
  4530 | D:4      | Killed Pikel
  4530 | D:4      | Reached skill level 7 in Axes
  4530 | D:4      | Reached XP level 8. HP: 41/67 MP: 11/13
  4809 | D:4      | Acquired Dithmenos' first power
  5135 | D:4      | Reached skill level 8 in Axes
  5219 | D:4      | Killed gw's ghost
  5219 | D:4      | Reached skill level 5 in Fighting
  5463 | D:4      | Found a bloodstained altar of Trog.
  5497 | D:5      | Entered Level 5 of the Dungeon
  5722 | D:5      | Reached XP level 9. HP: 74/74 MP: 16/16
  5783 | D:5      | Found a stormy altar of Qazlal.
  6929 | D:6      | Found a glowing golden altar of the Shining One.
  7131 | D:6      | Reached skill level 9 in Axes
  7404 | D:6      | Acquired Dithmenos' second power
  7492 | D:6      | Reached skill level 5 in Throwing
  7492 | D:6      | Reached skill level 5 in Stealth
  7528 | D:6      | Reached skill level 5 in Invocations
  7558 | D:6      | Reached skill level 5 in Armour
  8011 | D:6      | Found Kaunain's Jewellery Boutique.
  8911 | D:7      | Found a sacrificial altar of Ru.
  8946 | D:7      | Reached skill level 10 in Axes
  8946 | D:7      | Reached XP level 10. HP: 81/83 MP: 18/18
  9138 | D:7      | Found a staircase to the Ecumenical Temple.
  9654 | D:8      | Acquired Dithmenos' third power
  9884 | D:8      | Noticed a skeletal warrior
  9884 | D:8      | Was placed under penance by Dithmenos
  9931 | D:8      | Killed a skeletal warrior
 10185 | D:8      | Noticed a purple ugly thing
 10220 | D:8      | Killed a purple ugly thing
 10461 | D:8      | Found a deep blue altar of Sif Muna.
 10520 | D:8      | Was forgiven by Dithmenos
 10521 | D:8      | Noticed a manticore
 10521 | D:8      | Noticed a cyclops
 10531 | D:8      | Killed a manticore
 10534 | D:8      | Killed a cyclops
 11090 | D:8      | Noticed a cyclops
 11094 | D:8      | Reached skill level 11 in Axes
 11098 | D:8      | Killed a cyclops
 11544 | D:9      | Found a shadowy altar of Dithmenos.
 11615 | D:9      | Found a burning altar of Makhleb.
 11636 | D:9      | Noticed Joseph
 11642 | D:9      | Killed Joseph
 11642 | D:9      | Reached XP level 11. HP: 92/92 MP: 21/21
 11713 | D:9      | Noticed a seven-headed hydra
 11732 | D:9      | Killed a 15-headed hydra
 11812 | D:9      | Noticed a griffon
 11822 | D:9      | Noticed a centaur warrior
 11833 | D:9      | Killed a griffon
 11838 | D:9      | Killed a centaur warrior
 11838 | D:9      | Reached skill level 12 in Axes
 12294 | D:9      | Found a staircase to the Lair.
 12383 | D:9      | HP: 3/94 [killer bee (3)]
 12384 | D:9      | HP: 1/94 [killer bee (2)]
 12389 | D:9      | HP: 1/94 [killer bee (1)]
 12394 | D:9      | Slain by a killer bee

Action                   |  1- 3 |  4- 6 |  7- 9 | 10-12 || total
-------------------------+-------+-------+-------+-------++-------
Melee: War axe           |    51 |    86 |   215 |   202 ||   554
Throw: Stone             |    42 |    83 |    66 |     8 ||   199
       Tomahawk          |       |       |    80 |    88 ||   168
Evoke: Wand              |       |       |     6 |    15 ||    21
  Use: Scroll            |     4 |     8 |     7 |     2 ||    21
       Potion            |     3 |     6 |     6 |     6 ||    21
  Eat: Chunk             |     2 |     6 |    18 |    12 ||    38

Vault maps used:
D:1:      tarquinn_simple_flora_water_c, minmay_fountain_box
D:2:      lemuel_crystal_altar, fedhas_altar_4, minmay_misc_feat_hallway,
          st_stairs_12, minivault_4, uniq_terence
D:3:      grunt_temple_overflow_order_and_chaos_1, uniq_grinder, uniq_robin
D:4:      lightli_temple_of_fire, nemelex_deck, uniq_blork_the_orc, uniq_pikel
D:5:      grunt_qazlal_clouds, first_bread, sigmund_army
D:6:      kennysheep_little_box, serial_shops, kennysheep_mini_moat,
          kennysheep_another_room
D:7:      nicolae_overflow_crystal_walls, minmay_temple_entry_crystal_x
D:8:      minmay_tri_box, kennysheep_mini
D:9:      hangedman_cross_veins, lemuel_crystal_altar, minmay_lair_entry_grove,
          david_nohive_1, hangedman_feature_mirror, uniq_joseph
